 Dungeon Crawl Stone Soup version 0.31-a0-675-g238779eb0a (webtiles) character file.

Game seed: 11534466397979304526

371 qw the Shooter (level 6, -10/40 HPs)
             Began as a Gargoyle Hunter on Sept 5, 2023.
             Mangled by an ogre
             ... wielding a +0 giant club
              (20 damage)
             ... on level 4 of the Dungeon.
             The game lasted 00:01:07 (3056 turns).

qw the Shooter (Gargoyle Hunter)                    Turns: 3056, Time: 00:01:07

Health: -10/40     AC: 10    Str: 12    XL:     6   Next: 71%
Magic:  6/6        EV: 10    Int: 15    God:
Gold:   232        SH:  0    Dex: 15    Spells: 5/5 levels left

rFire   . . .        Y - +0 shortbow
rCold   . . .        (shield currently unavailable)
rNeg    + + +        g - +0 ring mail
rPois   inf          (no helmet)
rElec   +            (no cloak)
rCorr   .            (no gloves)
SInv    +            c - +0 pair of boots
Will    +....        (no amulet)
Stlth   +            a - ring "Zeli" {rN++ Will+ Str-3 Int+6 SInv}
HPRegen 0.26/turn    (no ring)
MPRegen 0.10/turn

%: no passive effects
@: no status effects
A: sickness immunity, AC +4, negative energy resistance 1, electricity
resistance, torment resistance 1, petrification resistance
a: no special abilities


You were on level 4 of the Dungeon.
You visited 1 branch of the dungeon, and saw 4 of its levels.

You collected 232 gold pieces.


Innate Abilities, Weirdness & Mutations

You are immune to sickness and miasma.
Your stone body is resilient. (AC +4)
You are immune to poison.
You resist negative energy. (rN+)
You are resistant to electric shocks. (rElec)
You are resistant to unholy torment.
You are immune to petrification.


   Skills:
 - Level 4.8 Fighting
 + Level 6.5 Ranged Weapons
 - Level 1.0 Armour
 - Level 1.5 Dodging
 - Level 1.1 Stealth


You had 5 spell levels left.
You didn't know any spells.
Your spell library was empty.

Inventory:

Hand Weapons
 Y - a +0 shortbow (weapon)
Armour
 c - a +0 pair of boots (worn)
 g - a +0 ring mail (worn)
Jewellery
 a - the ring "Zeli" (left hand) {rN++ Will+ Str-3 Int+6 SInv}
   (You found it on level 2 of the Dungeon)

   [ring of intelligence]

   Str-3:     It affects your strength (-3).
   Int+6:     It affects your intelligence (+6).
   rN++:      It greatly protects you from negative energy.
   Will+:     It increases your willpower.
   SInv:      It lets you see invisible.
Scrolls
 f - a scroll of identify
Potions
 b - a potion of mutation
 d - a potion of heal wounds {unknown}
 e - a potion of curing
 h - a potion of enlightenment {unknown}
 i - a potion of haste {unknown}

Dungeon Overview and Level Annotations

Branches:
Dungeon (4/15)
 Temple: D:4-7

Altars:
Gozag
Sif Muna

Annotations:
D:2 1 runed translucent door, Crazy Yiuf


Message History

You now have 220 gold pieces (gained 11).
Found a plate armour.
Enter note:
Enter note:
Enter note:
Enter note: You see here a dart slug corpse.
You open the door.
There is an open door here.
A giant cockroach comes into view.
You shoot an arrow.
The arrow hits the giant cockroach but does no damage.
You shoot an arrow. The arrow hits the giant cockroach.
You kill the giant cockroach!
You now have 232 gold pieces (gained 12).
Found a stone staircase leading up.
Enter note:
Enter note:
Enter note:
Enter note:
There is a stone staircase leading up here.
An ogre comes into view. It is wielding a +0 giant club.
The ogre shouts!
You shoot an arrow. The arrow hits the ogre.
The ogre is lightly wounded.
The ogre hits you with a +0 giant club!
You shoot an arrow. The arrow hits the ogre.
The ogre is lightly wounded.
You shoot an arrow. The arrow barely misses the ogre.
The ogre closely misses you.
You shoot an arrow. The arrow barely misses the ogre.
The ogre barely misses you.
You shoot an arrow. The arrow hits the ogre!
The ogre is heavily wounded.
The ogre hits you with a +0 giant club!!
You shoot an arrow. The arrow hits the ogre.
The ogre is heavily wounded.
The ogre hits you with a +0 giant club!!
Ouch! That really hurt!
You die...

.... #.. .... #.. #
... #.. # ..##..#
## ..... #. ... ##.
#O# #.. #@### #..
#...# ##. #...# ###
#. #.##.# #.###.
#.##.# #.....
.##..#########.....
#.
#.............#..
..
#.............##.
#.
#..............#.


You could see an ogre.

Vanquished Creatures
  An ogre (D:4)
  A scorpion (D:4)
  A hound (D:3)
  Jessica (D:2)
  2 orc wizards (D:4)
  Natasha (D:2)
  An adder (D:4)
  An ufetubus (D:4)
  2 worms
  2 dart slugs
  6 orcs (D:4)
  6 bats
  4 endoplasms
  5 giant cockroaches
  2 goblins
  8 hobgoblins
  3 quokkas
  5 ball pythons
  2 frilled lizards
  9 kobolds
  4 rats
67 creatures vanquished.

Notes
Turn   | Place    | Note
-------+----------+-------------------------------------------
     0 | D:1      | qw the Gargoyle Hunter began the quest for the Orb.
     0 | D:1      | Reached XP level 1. HP: 12/12 MP: 1/1
     0 | D:1      | 0 ||| qw: Version: 0.3-a-75-gb5c8c4b
     0 | D:1      | 0 ||| qw: Game counter: 13
     0 | D:1      | 0 ||| qw: Melee chars always use a shield: true
     0 | D:1      | 0 ||| qw: God list: Okawaru
     0 | D:1      | 0 ||| qw: Allow faded altars: false
     0 | D:1      | 0 ||| qw: Do Orc after clearing Dungeon:15 true
     0 | D:1      | 0 ||| qw: Do second Lair branch before Depths: true
     0 | D:1      | 0 ||| qw: Lair rune preference: random
     0 | D:1      | 0 ||| qw: Goals: Normal
     0 | D:1      | 0 ||| PLANNING D:1-11
    99 | D:1      | Reached XP level 2. HP: 17/17 MP: 2/2
   480 | D:1      | Reached XP level 3. HP: 21/21 MP: 3/3
   745 | D:1      | 745 ||| UPGRADING to +0 ring mail.
   755 | D:1      | 755 ||| DROPPING +0 leather armour.
   756 | D:1      | 756 ||| READING scroll labelled OGOALA QECE.
   757 | D:1      | 757 ||| READING scroll labelled QEKUURO PUOSI.
   761 | D:1      | 761 ||| DROPPING scroll of butterflies.
   788 | D:2      | 788 ||| STAIRDANCE
   858 | D:2      | 858 ||| STAIRDANCE
   934 | D:2      | Reached skill level 1 in Armour
   949 | D:2      | Noticed Jessica
   951 | D:2      | Killed Jessica
   952 | D:2      | Reached skill level 5 in Ranged Weapons
   952 | D:2      | Reached XP level 4. HP: 26/26 MP: 4/4
  1026 | D:2      | Identified the ring "Zeli" {rN++ Will+ Str-3 Int+6 SInv}
  1094 | D:2      | Found a runed translucent door.
  1095 | D:2      | Noticed Crazy Yiuf
  1165 | D:2      | Noticed Natasha
  1176 | D:2      | Killed Natasha
  1177 | D:2      | Reached skill level 3 in Fighting
  1741 | D:2      | 1741 ||| UPGRADING to +0 pair of boots.
  1746 | D:2      | 1746 ||| UPGRADING to ring "Zeli" {rN++ Will+ Str-3 Int+6
                  | SInv}.
  2214 | D:3      | Found a shimmering blue altar of Sif Muna.
  2372 | D:3      | 2372 ||| READING scroll labelled KUS VOKUKIMIH.
  2373 | D:3      | 2373 ||| READING scroll labelled REUTEE ITHAZUY.
  2374 | D:3      | 2374 ||| READING scroll labelled ZEUCHI JEREM.
  2375 | D:3      | 2375 ||| READING scroll labelled ADEYSE VOEXT.
  2376 | D:3      | 2376 ||| DRINKING 2 golden potions.
  2377 | D:3      | 2377 ||| READING 2 scrolls of identify.
  2377 | D:3      | 2377 ||| IDENTIFYING clear potion
  2401 | D:4      | 2401 ||| STAIRDANCE
  2407 | D:3      | Reached XP level 5. HP: 21/32 MP: 5/5
  2456 | D:4      | 2456 ||| STAIRDANCE
  2556 | D:4      | Reached skill level 6 in Ranged Weapons
  2672 | D:4      | Noticed an ogre
  2682 | D:4      | Killed an ogre
  2683 | D:4      | Reached XP level 6. HP: 16/40 MP: 6/6
  2788 | D:4      | Found an opulent altar of Gozag.
  3055 | D:4      | HP: 10/40 [ogre/+0 giant club (19)]
  3056 | D:4      | Mangled by an ogre

Levels and vault maps discovered:
D:1:      minmay_arrival_semitransparent, layout_loops_cross
D:2:      layout_basic, uniq_jessica, uniq_crazy_yiuf_cottage, uniq_natasha
D:3:      layout_basic, nicolae_sif_muna_condensation, kennysheep_big_empty_room
D:4:      layout_cave_pods, mainiacjoe_overflow_chevrons,
          nicolae_wu_jian_immortal_techniques, serial_shops,
          nicolae_shop_rolling_square, grunt_ministairs_15, uniq_grinder

Skill      XL: |  1  2  3  4  5 |
---------------+----------------+-----
Armour         | 1 |  1.0
Ranged Weapons | 5 6 |  6.5
Fighting       | 3 4 |  4.8
Dodging        | |  1.5
Stealth        | |  1.1

Action                     |  1- 3 |  4- 6 || total
---------------------------+-------+-------++-------
   Fire: Shortbow          |    98 |   186 ||   284
    Use: Scroll            |     2 |     5 ||     7
         Potion            |       |     1 ||     1
 Armour: Leather armour    |    26 |       ||    26
         Ring mail         |    10 |    95 ||   105
  Dodge: Dodged            |    23 |    73 ||    96

Table legend:
 A = Non-vault XP
 B = Vault XP
 C = Vault XP percentage of total XP
 D = Non-vault monster count
 E = Vault monster count
 F = Vault count percentage of total count
                 A         B        C        D         E       F
            +---------+---------+-------+---------+---------+-------
      Total |     453 |      78 |  14.7 |      63 |       4 |   6.0
            +---------+---------+-------+---------+---------+-------
        D:1 |      42 |       0 |   0.0 |      22 |       0 |   0.0
        D:2 |      27 |      72 |  72.7 |      15 |       2 |  11.8
        D:3 |      55 |       0 |   0.0 |       9 |       0 |   0.0
        D:4 |     329 |       6 |   1.8 |      17 |       2 |  10.5
            +---------+---------+-------+---------+---------+-------
